Map: Cyber Forest LE

Players

Kelazhur

  • Race: Terran Terran
  • Spawn Location: 5:00

Clem - Winner!

  • Race: Terran Terran
  • Spawn Location: 11:00

Event: 2019 WCS Spring

VOD

Have the link to the VOD?

Description

Time

  • Played on: May 17, 2019, 3:06 p.m.
  • Length: 8:43

All games in this series

Show
View Real Time Build Order
Export as new Build Order

Kelazhur Terran 

Build Orders: 1/1/1, Banshee Rush 

Get SALT Encoding   

  12  0:00  SCV  
  13  0:12  SCV  
  14  0:17  Supply Depot  
  14  0:24  SCV  
  15  0:28  Refinery  
  15  0:38  SCV  
  16  0:44  Barracks  
  16  0:51  SCV  
  16  0:54  Refinery  
  17  1:03  SCV  
  18  1:15  SCV  
  19  1:30  Orbital Command  
  19  1:31  Factory  
  19  1:34  Reaper  
  20  1:44  Supply Depot  
  20  1:56  SCV  
  21  2:06  Reaper  
  23  2:08  SCV  
  25  2:15  Hellion  
  25  2:18  Starport  
  25  2:20  SCV  
  26  2:30  Supply Depot  
  26  2:32  SCV  
  26  2:37  Hellion  
  29  2:40  Barracks Tech Lab  
  29  2:44  SCV  
  30  2:56  SCV  
  31  3:03  Banshee, Cloaking Field  
  34  3:06  Factory Tech Lab  
  34  3:10  SCV  
  35  3:13  Barracks Reactor  
  35  3:19  Command Center  
  35  3:24  Supply Depot  
  35  3:31  Cyclone  
  35  3:34  SCV  
  39  3:48  SCV  
  40  3:49  Marine x2  
  40  3:50  Banshee  
  45  3:56  Supply Depot  
  45  4:00  SCV  
  46  4:05  Refinery  
  46  4:14  SCV  
  47  4:17  Cyclone, Marine  
  51  4:28  Marine  
  49  4:32  Orbital Command  
  49  4:34  SCV  
  49  4:35  Marine  
  51  4:44  Raven  
  53  4:46  Supply Depot  
  53  4:47  SCV  
  53  4:48  Marine  
  55  4:58  SCV  
  55  4:59  SCV, Siege Tank  
  60  5:00  Marine  
  61  5:12  SCV  
  61  5:13  Marine  
  62  5:18  SCV, Marine  
  63  5:24  SCV  
  64  5:29  Raven  
  64  5:30  SCV  
  64  5:31  Marine  
  64  5:35  Supply Depot  
  68  5:36  SCV, Marine  
  68  5:38  Siege Tank  
  68  5:42  SCV  
  74  5:48  SCV  
  74  5:49  Marine  
  75  5:53  Command Center  
  75  5:54  SCV, Marine  
  78  5:58  Supply Depot  
  78  6:00  SCV  
  79  6:11  SCV  
  79  6:14  SCV  
  81  6:19  Marine x2  
  81  6:21  Siege Tank  
  81  6:23  SCV  
  87  6:26  SCV, Barracks x2  
  88  6:36  SCV  
  88  6:38  SCV  
  87  6:43  Refinery  
  87  6:45  Supply Depot  
  87  6:47  Viking x2, Engineering Bay  
  87  6:48  SCV, Engineering Bay  
  87  6:49  Marine  
  87  6:52  SCV  
  94  7:03  Supply Depot  
  94  7:05  SCV, Siege Tank  
  94  7:08  SCV  
  95  7:11  Marine  
  95  7:12  SCV  
  97  7:17  SCV  
  97  7:21  SCV  
  98  7:25  Viking x2  
  98  7:26  Orbital Command, Barracks Reactor x2  
  102  7:34  SCV  
  103  7:42  SCV  
  104  7:45  Siege Tank, Barracks  
  104  7:46  Barracks  
  104  7:47  SCV  
  108  7:55  Marine  
  94  8:02  SCV x2  
  82  8:07  Viking x2  
  80  8:13  Marine x5  
  80  8:16  SCV  
  88  8:21  SCV  
  86  8:37  Armory  
Show
View Real Time Build Order
Export as new Build Order

Clem Terran - Winner!

Build Orders:  

Get SALT Encoding   

  12  0:00  SCV  
  13  0:12  SCV  
  14  0:17  Supply Depot  
  14  0:25  SCV  
  15  0:28  Refinery  
  15  0:39  SCV  
  16  0:44  Barracks  
  16  0:51  SCV  
  16  0:54  Refinery  
  17  1:03  SCV  
  18  1:15  SCV  
  19  1:31  Factory  
  19  1:32  Orbital Command  
  19  1:34  Reaper  
  20  1:43  Supply Depot  
  20  1:57  SCV  
  21  2:06  Reaper  
  22  2:09  SCV  
  25  2:15  Hellion  
  25  2:26  Command Center  
  25  2:27  SCV  
  26  2:35  Starport  
  26  2:40  Hellion  
  26  2:44  Barracks Tech Lab  
  28  2:46  SCV  
  29  2:52  Supply Depot  
  29  3:00  SCV  
  30  3:10  Barracks Tech Lab  
  30  3:12  SCV  
  31  3:14  Cyclone  
  34  3:22  Refinery  
  34  3:24  SCV  
  35  3:32  Raven  
  37  3:36  SCV  
  37  3:38  Orbital Command, Barracks Reactor  
  38  3:49  SCV  
  39  4:01  SCV  
  40  4:03  SCV  
  40  4:04  Command Center  
  41  4:15  Raven  
  41  4:16  Marine x2  
  45  4:19  Siege Tank  
  45  4:20  SCV  
  45  4:22  SCV  
  49  4:29  Supply Depot  
  46  4:34  SCV  
  46  4:35  SCV  
  46  4:38  Marine x2  
  50  4:46  SCV  
  50  4:48  SCV  
  50  4:51  Siege Tank  
  55  4:58  SCV, Supply Depot  
  56  5:02  SCV  
  57  5:09  Viking x2  
  57  5:12  Marine  
  57  5:13  Supply Depot  
  62  5:16  SCV  
  62  5:20  Stimpack  
  63  5:23  SCV  
  63  5:30  Marine  
  63  5:35  Siege Tank  
  67  5:38  SCV x2  
  69  5:43  Viking  
  69  5:48  Marine  
  69  5:49  Viking  
  74  5:53  Orbital Command  
  74  5:57  SCV x2  
  76  6:04  Engineering Bay  
  76  6:06  Engineering Bay  
  76  6:09  SCV x2  
  78  6:13  Siege Tank  
  78  6:16  Viking  
  83  6:20  Refinery  
  83  6:23  Supply Depot  
  81  6:25  Viking  
  81  6:27  SCV  
  81  6:29  SCV  
  82  6:37  SCV  
  82  6:38  Marine  
  81  6:41  SCV  
  81  6:44  Orbital Command  
  81  6:45  Siege Tank  
  81  6:46  SCV  
  86  6:48  Viking  
  86  6:49  Supply Depot  
  88  6:54  SCV  
  88  6:56  Supply Depot  
  88  6:59  Viking  
  88  7:00  Marine  
  92  7:01  SCV  
  92  7:06  SCV  
  94  7:13  SCV  
  94  7:14  SCV, Barracks x2  
  96  7:18  SCV  
  96  7:19  Marine  
  96  7:21  Viking  
  95  7:25  Siege Tank  
  95  7:26  SCV x2  
  100  7:30  SCV  
  101  7:38  Viking  
  101  7:40  SCV x2  
  101  7:41  Marine  
  101  7:44  SCV  
  107  7:49  Supply Depot  
  107  7:51  Viking  
  108  7:52  SCV  
  108  7:54  SCV  
  108  7:56  SCV  
  108  7:59  Marine  
  108  8:04  SCV  
  108  8:06  SCV  
  108  8:08  SCV  
  108  8:11  Barracks Reactor x2  
  110  8:14  Barracks  
  110  8:15  Barracks  
  110  8:16  SCV  
  110  8:17  Marine  
  117  8:22  SCV  
  117  8:23  SCV  
  117  8:28  SCV  
  117  8:32  Supply Depot  
  118  8:36  Factory  
  118  8:37  Refinery x2  
  121  8:41  Supply Depot  
Tags
 
Add a new tag
Caveats
  • Supply blocks, unpowered buildings, or Contaminate may cause inaccurate times.
  • Supply counts are checked every 10 seconds.